 Dungeon Sprint DCSS version 0.26-a0-649-gf8c6c3aab7 (webtiles) character file.

Game seed: 17468528388578396570

107 sahdkjhfkaj the Ruffian (level 4, 0/48 HPs)
             Began as a Troll Fighter on Sept 26, 2020.
             Succumbed to an adder's poison
             ... in the Dungeon (Sprint IX: "|||||||||||||||||||||||||||||").
             The game lasted 00:00:16 (45 turns).

sahdkjhfkaj the Ruffian (Troll Fighter)               Turns: 45, Time: 00:00:16

Health: 0/48       AC:  6    Str: 25    XL:     4   Next: 57%
Magic:  3/3        EV:  9    Int:  4    God:
Gold:   0          SH:  9    Dex:  9    Spells: 3/3 levels left

rFire    . . .     SeeInvis .     - Unarmed
rCold    . . .     Faith    .   b - +0 kite shield
rNeg     . . .     Spirit   .   a - +0 robe
rPois    .         Reflect  .   (helmet restricted)
rElec    .         Harm     .   (no cloak)
rCorr    .         Rampage  .   (gloves unavailable)
MR       .....     NoTele   +   (boots unavailable)
Stlth    +.........             (no amulet)
HPRegen  0.56/turn              (no ring)
MPRegen  0.08/turn              (no ring)

@: lethally poisoned (0 -> -2), berserk cooldown, slowed, very slow
A: large, unfitting armour, claws 3, regeneration 1, shaggy fur 1, tough skin 3
a: no special abilities


You were in the Dungeon.
You visited 1 branch

Inventory:

Armour
 a - a +0 robe (worn)
 b - a +0 kite shield (worn)
Scrolls
 i - a scroll of blinking
Potions
 c - a potion of might
 e - a potion of heal wounds
 f - a potion of haste
 g - 2 potions of magic


   Skills:
 + Level 4.1 Fighting
 + Level 4.1 Dodging
 + Level 4.1 Shields
 * Level 6.0 Unarmed Combat


You had 3 spell levels left.
You didn't know any spells.
Your spell library was empty.

Dungeon Overview and Level Annotations

Branches:
Dungeon (1/1)

Altars:


Innate Abilities, Weirdness & Mutations

You are too large for most types of armour.
You have claws for hands.
Your natural rate of healing is unusually fast.
You are covered in fur. (AC +1)
You have extremely tough skin. (AC +3)


Message History

You miss the adder.
The adder is almost dead.
The adder bites you.
* * * LOW HITPOINT WARNING * * *
The adder bites you.
* * * LOW HITPOINT WARNING * * *
You are more poisoned.
The adder poisons you!
You feel better. The adder bites you.
* * * LOW HITPOINT WARNING * * *
You are poisoned.
The adder poisons you! You block the phantom's attack. The adder bites you.
* * * LOW HITPOINT WARNING * * *
You are more poisoned.
The adder poisons you! The phantom hits you.
* * * LOW HITPOINT WARNING * * *
You claw the adder!
You kill the adder!
Your Unarmed Combat skill increases to level 6!
You die...

▓+▓
▓.▓
▓.▓
▓.▓
▓.▓
▓@▓
▓W▓
▓.▓
▓.▓
▓.▓
▓.▓
▓)▓
▓)▓
▓.▓


You could see a phantom.

Vanquished Creatures
  An ogre (D)
  An adder (D)
  An adder zombie (D)
  A hobgoblin (D)
  A jackal (D)
  3 goblins (D)
  A kobold (D)
9 creatures vanquished.

Notes
Turn   | Place    | Note
-------+----------+-------------------------------------------
     0 | D        | sahdkjhfkaj the Troll Fighter began the quest for the Orb.
     0 | D        | Reached XP level 1. HP: 22/22 MP: 0/0
    20 | D        | Noticed a phantom
    20 | D        | Noticed an ogre
    22 | D        | Reached skill level 3 in Unarmed Combat
    22 | D        | Reached XP level 2. HP: 29/29 MP: 1/1
    29 | D        | Killed an ogre
    29 | D        | Reached skill level 5 in Unarmed Combat
    29 | D        | Reached XP level 3. HP: 34/39 MP: 2/2
    29 | D        | Reached XP level 4. HP: 42/48 MP: 3/3
    44 | D        | HP: 2/48 [phantom (3)]
    45 | D        | Reached skill level 6 in Unarmed Combat
    45 | D        | Succumbed to an adder's poison

Illustrated notes

Levels and vault maps discovered:
D:        linesprint [early_d, line_temple, items_1, d_10, items_2, lair_1,
          lair_end, items_3, orc_1, orc_end, items_4, d_15, swamp_1, shoals_1,
          snake_1, spider_1, d_20, vaults_1, items_5, swamp_end, shoals_end,
          snake_end, spider_end, vaults_end, d_27, items_6, zot_1, zot_end,
          crypt_end, forest_end, elf_end, slime_end, tomb_end, abyss_end,
          pan_hell_end]

Skill      XL: |  1  2  3  4 |
---------------+-------------+-----
Unarmed Combat | 3 5 6 |  6.0
Fighting       | 4 |  4.1
Dodging        | 4 |  4.1
Shields        | 4 |  4.1

Action                   |  1- 3 |  4- 6 || total
-------------------------+-------+-------++-------
Melee: Unarmed           |    16 |    14 ||    30
  Use: Potion            |     1 |     1 ||     2
Armor: Robe              |       |     6 ||     6
Dodge: Dodged            |     3 |     1 ||     4
Block: Kite shield       |     4 |     6 ||    10

Table legend: (Time is in decaauts)
 A = Elapsed time spent in this place.
 B = Non-inter-level travel time spent in this place.
 C = Inter-level travel time spent in this place.
 D = Time resting spent in this place.
 E = Time spent auto-exploring this place.
 F = Levels seen in this place.
 G = Mean time per level.
                   A        B        C        D        E       F      G
               +--------+--------+--------+--------+--------+-----+--------+
         Total |     46 |     46 |      0 |      0 |      8 |   1 |   46.0 |
       Dungeon |     46 |     46 |      0 |      0 |      8 |   1 |   46.0 |
               +--------+--------+--------+--------+--------+-----+--------+

Top non-repeatable levels by time:
       D: 46 daAuts
